 Dungeon Crawl Stone Soup version 0.30.1-9-gdf580d7c3d (webtiles) character file.

Game seed: 12203539148677980599

4847 lonewolfV2 the Blocker (level 10, -1/82 HPs)
             Began as a Gnoll Fighter on Sept 26, 2023.
             Was an Initiate of Gozag.
             Slain by a two-headed ogre
             ... wielding a +0 giant club
              (18 damage)
             ... on level 9 of the Dungeon.
             The game lasted 00:13:00 (10226 turns).

lonewolfV2 the Blocker (Gnoll Fighter)             Turns: 10226, Time: 00:13:02

Health: -1/82      AC: 12    Str: 18    XL:     10   Next: 49%
Magic:  18/18      EV: 12    Int:  7    God:    Gozag
Gold:   1317       SH:  7    Dex: 16    Spells: 20/20 levels left

rFire   . . .        a - +0 war axe (venom)
rCold   . . .        c - +1 buckler
rNeg    . . .        b - +0 scale mail
rPois   .            (helmet restricted)
rElec   .            (no cloak)
rCorr   .            (no gloves)
SInv    .            (no boots)
Will    .....        (no amulet)
Stlth   ++           e - +4 ring of protection
HPRegen 0.33/turn    (no ring)
MPRegen 0.16/turn

%: no passive effects
@: no status effects
A: fangs 1, strong nose, distributed training, horns 1, talons 1, agile 1
a: Renounce Religion, Potion Petition, Call Merchant, Bribe Branch


You were on level 9 of the Dungeon.
You worshipped Gozag.
Gozag was most pleased with you.
You visited 1 branch of the dungeon, and saw 9 of its levels.
You also visited: Sewer.

You collected 1383 gold pieces.
You paid 66 gold pieces to Gozag.

Inventory:

Hand Weapons
 a - a +0 war axe of venom (weapon)
Armour
 b - a +0 scale mail (worn)
 c - a +1 buckler (worn)
Jewellery
 e - a +4 ring of protection (left hand)
 i - a ring of flight
 j - a ring of positive energy
Wands
 f - a wand of iceblast (1)
 n - a wand of paralysis (10)
 r - a wand of digging (8)
Scrolls
 h - 2 scrolls of blinking
 k - a scroll of amnesia
 o - 3 scrolls of fear
 q - 2 scrolls of identify
 t - 3 scrolls of teleportation
 u - 3 scrolls of magic mapping
Potions
 d - a potion of might
 g - 6 potions of brilliance
 l - a potion of attraction
 m - 2 potions of flight
 s - 4 potions of haste
 w - 3 potions of mutation


   Skills:
 + Level 8.7 Fighting
 + Level 5.5 Short Blades
 + Level 5.5 Long Blades
 + Level 7.3 Axes
 + Level 5.5 Maces & Flails
 + Level 5.5 Polearms
 + Level 5.5 Staves
 + Level 5.5 Ranged Weapons
 + Level 5.5 Throwing
 + Level 8.7 Armour
 + Level 5.5 Dodging
 + Level 5.5 Stealth
 + Level 8.7 Shields
 + Level 5.5 Unarmed Combat
 + Level 5.5 Spellcasting
 + Level 4.5 Conjurations
 + Level 4.5 Hexes
 + Level 4.5 Summonings
 + Level 4.5 Necromancy
 + Level 4.5 Translocations
 + Level 4.5 Transmutations
 + Level 4.5 Fire Magic
 + Level 4.5 Ice Magic
 + Level 4.5 Air Magic
 + Level 4.5 Earth Magic
 + Level 4.5 Poison Magic
 + Level 6.1 Invocations
 + Level 5.5 Evocations


You had 20 spell levels left.
You didn't know any spells.
Your spell library contained the following spells:

 Spells                   Type           Power      Damage    Failure   Level
 Apportation              Tloc           16%        N/A       13%         1
 Necrotise                Necr           32%        1d5       13%         1
 Sandblast                Erth           16%        2d6       13%         1
 Summon Small Mammal      Summ           32%        N/A       13%         1
 Passwall                 Tmut/Erth      6%         N/A       21%         2
 Frozen Ramparts          Ice            16%        1d3       36%         3
 Ozocubu's Armour         Ice            8%         N/A       36%         3
 Stone Arrow              Conj/Erth      16%        3d8       36%         3
 Ice Form                 Ice/Tmut       8%         N/A       78%         4
 Summon Ice Beast         Ice/Summ       8%         N/A       78%         4
 Metabolic Englaciation   Hex/Ice        4%         N/A       98%         5
 Simulacrum               Ice/Necr       Unusable   N/A       N/A         6

Dungeon Overview and Level Annotations

Branches:
Dungeon (9/15)             Temple (0/1) D:6            Lair (0/5) D:9
  Sewer (visited)
    Orc: D:9-12

Altars:
Cheibriados
Dithmenos
Gozag
Okawaru
Uskayaw
Xom
Yredelemnul
Zin

Annotations:
D:8 2 transporters, monsoonserge's ghost, novice DsMo


Innate Abilities, Weirdness & Mutations

You have very sharp teeth.
Your uncanny sense of smell can sniff out nearby items.
Your experience applies equally to all skills.
You have a pair of small horns on your head.
You have sharp toenails.
You are agile. (Dex +4, Str/Int -1)


Message History

The komodo dragon looks as sick as possible!
You claw the komodo dragon, but do no damage.
The komodo dragon is heavily wounded.
The komodo dragon barely misses you.
You slash the komodo dragon!
The komodo dragon looks as sick as possible!
You claw the komodo dragon, but do no damage.
The komodo dragon is almost dead.
The komodo dragon bites you!
The scorpion is distracted by your dazzling golden aura.
The bullfrog swells and bulges.
The komodo dragon closely misses you.
A scorpion comes into view.
You barely miss the komodo dragon.
The komodo dragon is almost dead.
The komodo dragon bites you!!
* * * LOW HITPOINT WARNING * * *
You slash the komodo dragon!
You kill the komodo dragon!
The scorpion is no longer distracted by gold.
Unknown command.
You slash the two-headed ogre!
You claw the two-headed ogre, but do no damage.
You headbutt the two-headed ogre!
You bite the two-headed ogre, but do no damage.
The two-headed ogre is moderately wounded.
The two-headed ogre closely misses you. x2
You hit the two-headed ogre but do no damage.
Your kick misses the two-headed ogre. You headbutt the two-headed ogre.
The two-headed ogre is moderately wounded.
You block the two-headed ogre's attack.
The two-headed ogre hits you with a +0 giant club!
* * * LOW HITPOINT WARNING * * *
You slash the two-headed ogre!
The two-headed ogre is poisoned.
You claw the two-headed ogre.
The two-headed ogre is severely wounded.
You feel better. The two-headed ogre barely misses you.
The two-headed ogre hits you with a +0 giant club!!
You die...
Your body crumbles into a pile of gold.

### #... ...P##
..P..P ...P..#
PP....P###
.P.......##########
.P.PP....sFO@$....#
...PPP..#########.##
..sPPPP.........[.<#
PP.sPPPS.########.##
..PP....P# #.#
P>PPP.P..# #.#


P.FPPPPP.# #.# ..P.PP...# #.# #.# You could see a two-headed ogre (very
poisoned), a bullfrog and a scorpion.

Vanquished Creatures
  A two-headed ogre (D:8)
  Pikel (D:7)
  A komodo dragon (D:9)
  Sigmund (D:6)
  A wyvern (D:8)
  A wraith (D:7)
  3 steam dragons
  A water moccasin (D:9)
  3 sky beasts (D:8)
  An orc warrior (D:8)
  2 black bears (D:9)
  2 ice beasts
  A centaur (D:7)
  A kobold brigand (D:8)
  Blork the orc (D:6)
  A gnoll sergeant (D:6)
  4 bullfrogs
  5 scorpions
  A wight (D:8)
  3 howler monkeys (D:9)
  2 orc priests
  2 hounds
  4 sleepcaps
  7 orc wizards
  4 iguanas
  4 gnolls (D:6)
  15 adders
  3 river rats (Sewer)
  A shadow imp (D:5)
  4 white imps
  2 ufetubi
  4 worms
  2 dart slugs
  23 orcs
  11 ball pythons
  12 bats
  4 endoplasms
  6 giant cockroaches
  8 goblins
  6 hobgoblins
  6 jackals
  11 kobolds
  5 quokkas
  10 frilled lizards
  11 rats
202 creatures vanquished.

Notes
Turn   | Place    | Note
-------+----------+-------------------------------------------
     0 | D:1      | lonewolfV2 the Gnoll Fighter began the quest for the Orb.
     0 | D:1      | Reached XP level 1. HP: 23/23 MP: 1/1
    64 | D:1      | Reached XP level 2. HP: 29/29 MP: 2/2
  1034 | D:2      | Reached XP level 3. HP: 18/35 MP: 3/3
  1259 | D:2      | Reached skill level 1 in Invocations
  1351 | D:2      | Reached skill level 1 in Short Blades
  1351 | D:2      | Reached skill level 1 in Long Blades
  1351 | D:2      | Reached skill level 1 in Maces & Flails
  1351 | D:2      | Reached skill level 1 in Polearms
  1351 | D:2      | Reached skill level 1 in Staves
  1351 | D:2      | Reached skill level 1 in Ranged Weapons
  1351 | D:2      | Reached skill level 1 in Throwing
  1351 | D:2      | Reached skill level 1 in Dodging
  1351 | D:2      | Reached skill level 1 in Stealth
  1351 | D:2      | Reached skill level 1 in Unarmed Combat
  1351 | D:2      | Reached skill level 1 in Spellcasting
  1351 | D:2      | Reached skill level 1 in Evocations
  1467 | D:2      | Found an iron altar of Okawaru.
  1502 | D:2      | Reached XP level 4. HP: 36/41 MP: 5/5
  1573 | D:2      | Reached skill level 1 in Conjurations
  1573 | D:2      | Reached skill level 1 in Hexes
  1573 | D:2      | Reached skill level 1 in Summonings
  1573 | D:2      | Reached skill level 1 in Necromancy
  1573 | D:2      | Reached skill level 1 in Translocations
  1573 | D:2      | Reached skill level 1 in Transmutations
  1573 | D:2      | Reached skill level 1 in Fire Magic
  1573 | D:2      | Reached skill level 1 in Ice Magic
  1573 | D:2      | Reached skill level 1 in Air Magic
  1573 | D:2      | Reached skill level 1 in Earth Magic
  1573 | D:2      | Reached skill level 1 in Poison Magic
  2005 | D:3      | Found a shimmering altar of Xom.
  2145 | D:3      | Found a glowing drain.
  2200 | Sewer    | Entered a sewer
  2253 | Sewer    | Reached XP level 5. HP: 41/47 MP: 5/7
  2745 | D:3      | Found an opulent altar of Gozag.
  2761 | D:3      | Became a worshipper of Gozag Ym Sagoz the Greedy
  2928 | D:3      | Found a shadowy altar of Dithmenos.
  2928 | D:3      | Found a basalt altar of Yredelemnul.
  3434 | D:4      | Reached XP level 6. HP: 24/53 MP: 8/8
  3561 | D:4      | Reached skill level 5 in Axes
  3890 | D:4      | Found a snail-covered altar of Cheibriados.
  4110 | D:4      | Reached XP level 7. HP: 44/59 MP: 10/10
  4168 | D:4      | Found the +7 staff of the Meek {protect, meekguard}
  4403 | D:5      | Entered Level 5 of the Dungeon
  5720 | D:6      | Found a staircase to the Ecumenical Temple.
  5752 | D:6      | Gained mutation: You have sharp toenails. [potion of
                  | mutation]
  5752 | D:6      | Gained mutation: You are agile. (Dex +4, Str/Int -1)
                  | [potion of mutation]
  5752 | D:6      | Gained mutation: You have a pair of small horns on your
                  | head. [potion of mutation]
  5757 | D:6      | Reached XP level 8. HP: 19/67 MP: 12/12
  6210 | D:6      | Noticed Blork the orc
  6219 | D:6      | Killed Blork the orc
  6796 | D:6      | Noticed Sigmund
  6803 | D:6      | Killed Sigmund
  7332 | D:6      | HP: 2/67 [steam dragon] (7)]
  8274 | D:7      | Noticed Pikel
  8282 | D:7      | Killed Pikel
  8283 | D:7      | Reached XP level 9. HP: 53/74 MP: 13/15
  8648 | D:7      | Noticed a +0 dagger
  8648 | D:7      | Noticed a +0 dagger
  8649 | D:7      | Found a hide-covered altar of Uskayaw.
  8989 | D:7      | Reached skill level 5 in Invocations
  9154 | D:8      | Found a glowing silver altar of Zin.
  9573 | D:8      | Noticed monsoonserge's ghost (novice DsMo)
  9573 | D:8      | Identified the +3 giant club of Broken Luck {flame, rPois
                  | Will+}
  9573 | D:8      | Noticed a two-headed ogre
  9574 | D:8      | Found a transporter.
  9581 | D:8      | Found a transporter.
  9664 | D:8      | Noticed a two-headed ogre
  9681 | D:8      | Killed a two-headed ogre
  9682 | D:8      | Reached skill level 5 in Short Blades
  9682 | D:8      | Reached skill level 5 in Long Blades
  9682 | D:8      | Reached skill level 5 in Maces & Flails
  9682 | D:8      | Reached skill level 5 in Polearms
  9682 | D:8      | Reached skill level 5 in Staves
  9682 | D:8      | Reached skill level 5 in Ranged Weapons
  9682 | D:8      | Reached skill level 5 in Throwing
  9682 | D:8      | Reached skill level 5 in Dodging
  9682 | D:8      | Reached skill level 5 in Stealth
  9682 | D:8      | Reached skill level 5 in Unarmed Combat
  9682 | D:8      | Reached skill level 5 in Spellcasting
  9682 | D:8      | Reached skill level 5 in Evocations
  9682 | D:8      | Reached XP level 10. HP: 24/82 MP: 17/17
 10169 | D:9      | Found a staircase to the Lair.
 10210 | D:9      | Noticed a two-headed ogre
 10226 | D:9      | Slain by a two-headed ogre

Illustrated notes

Levels and vault maps discovered:
D:1:      erik_arrival_cave_to_civilisation [erik_arrival_cave_to_hall],
          layout_basic
D:2:      layout_basic, basic_altar
D:3:      layout_basic, lemuel_round_altar, lemuel_round_altar,
          nicolae_overflow_two_pavilions, portal_sewer_entry_a,
          columned_hall_lemuel
D:4:      layout_basic, old_standard_altar, pf_guarded_unrand_meek
D:5:      old_forge, layout_loops_ring, mumra_transporter_accident
D:6:      kennysheep_steamy, layout_loops_ring, minmay_temple_entry_grid,
          hangedman_decor_diamond_cutter, uniq_sigmund, uniq_blork_the_orc
D:7:      layout_basic, dancing_weapons_uskayaw, moated_statue, uniq_pikel
D:8:      layout_rooms, mainiacjoe_overflow_catwalk, gammafunk_ghost_smash,
          minmay_increasing_density
D:9:      layout_basic, due_lair_maze_entry_diamond

Skill      XL: |  1  2  3  4  5  6  7  8  9 10 |
---------------+-------------------------------+-----
Invocations    | 1 2 3 4 5 6 |  6.1
Short Blades   | 1 2 3 4 5 |  5.5
Long Blades    | 1 2 3 4 5 |  5.5
Maces & Flails | 1 2 3 4 5 |  5.5
Polearms       | 1 2 3 4 5 |  5.5
Staves         | 1 2 3 4 5 |  5.5
Ranged Weapons | 1 2 3 4 5 |  5.5
Throwing       | 1 2 3 4 5 |  5.5
Dodging        | 1 2 3 4 5 |  5.5
Stealth        | 1 2 3 4 5 |  5.5
Unarmed Combat | 1 2 3 4 5 |  5.5
Spellcasting   | 1 2 3 4 5 |  5.5
Evocations     | 1 2 3 4 5 |  5.5
Conjurations   | 1 2 3 4 |  4.5
Hexes          | 1 2 3 4 |  4.5
Summonings     | 1 2 3 4 |  4.5
Necromancy     | 1 2 3 4 |  4.5
Translocations | 1 2 3 4 |  4.5
Transmutations | 1 2 3 4 |  4.5
Fire Magic     | 1 2 3 4 |  4.5
Ice Magic      | 1 2 3 4 |  4.5
Air Magic      | 1 2 3 4 |  4.5
Earth Magic    | 1 2 3 4 |  4.5
Poison Magic   | 1 2 3 4 |  4.5
Axes           | 5 6 7 |  7.3
Fighting       | 7 8 |  8.7
Armour         | 7 8 |  8.7
Shields        | 7 8 |  8.7

Action                     |  1- 3 |  4- 6 |  7- 9 | 10-12 || total
---------------------------+-------+-------+-------+-------++-------
  Melee: War axe           |    74 |   257 |   218 |    53 ||   602
         Bite              |     7 |    18 |    30 |     7 ||    62
         Kick              |       |       |    45 |    16 ||    61
         Headbutt          |       |       |    25 |    13 ||    38
    Use: Scroll            |     5 |    10 |     5 |       ||    20
         Potion            |       |       |    12 |     1 ||    13
   Stab: Held in net/web   |       |       |     2 |       ||     2
         Distracted        |       |       |       |     2 ||     2
 Armour: Scale mail        |    50 |   149 |   137 |    19 ||   355
  Dodge: Dodged            |    35 |   153 |   126 |    27 ||   341
  Block: Buckler           |    28 |    87 |    80 |    19 ||   214
